 Dungeon Crawl Stone Soup version 0.31-a0-523-g071a6c1ffa (webtiles) character file.

Game seed: 8222109963007392654

3158 Dittersdorf the Blocker (level 9, -1/59 HPs)
             Began as a Gargoyle Fighter on Aug 11, 2023.
             Was a Believer of Okawaru.
             Killed by divine providence
             ... invoked by Jeremiah
              (11 damage)
             ... on level 7 of the Dungeon.
             The game lasted 00:10:09 (6940 turns).

Dittersdorf the Blocker (Gargoyle Fighter)          Turns: 6940, Time: 00:10:09

Health: -1/59      AC: 21    Str: 28    XL:     9   Next: 94%
Magic:  9/9        EV: 26    Int: 13    God:    Okawaru [**....]
Gold:   483        SH:  6    Dex: 13    Spells: 8/8 levels left

rFire   . . .        a - +1 flail (drain)
rCold   . . .        c - +0 buckler
rNeg    + . .        z - +4 robe of Augmentation {Str+4 Int+4 Dex+4}
rPois   ∞            i - +0 helmet
rElec   +            (no cloak)
rCorr   .            m - +0 pair of gloves
SInv    .            x - +0 pair of boots
Will    .....        k - amulet of the acrobat
Stlth   +            u - +4 ring of protection
HPRegen 0.29/turn    (no ring)
MPRegen 0.11/turn

%: acrobat
@: acrobatic
A: sickness immunity, AC +6, negative energy resistance 1, electricity
resistance, torment resistance 1, petrification resistance
a: Renounce Religion, Heroism


You were on level 7 of the Dungeon.
You worshipped Okawaru.
Okawaru was pleased with you.
You visited 2 branches of the dungeon, and saw 8 of its levels.

You collected 483 gold pieces.

Inventory:

Hand Weapons
 a - a +1 flail of draining (weapon)
 b - a +0 morningstar
Armour
 c - a +0 buckler (worn)
 i - a +0 helmet (worn)
 m - a +0 pair of gloves (worn)
 x - a +0 pair of boots (worn)
 z - the +4 robe of Augmentation (worn) {Str+4 Int+4 Dex+4}
   (You found it on level 7 of the Dungeon)

   Str+4:     It affects your strength (+4).
   Int+4:     It affects your intelligence (+4).
   Dex+4:     It affects your dexterity (+4).
Jewellery
 k - an amulet of the acrobat (around neck)
 u - a +4 ring of protection (left hand)
Wands
 p - a wand of digging (8)
Scrolls
 e - 2 scrolls of fog
 h - a scroll of fear
 l - a scroll of teleportation
 q - a scroll of enchant weapon
 v - a scroll of blinking
 y - a scroll of silence
Potions
 d - a potion of might
 f - a potion of ambrosia {unknown}
 g - a potion of invisibility
 n - a potion of brilliance
 o - a potion of haste
 r - 2 potions of curing
 s - 2 potions of heal wounds
 t - 3 potions of mutation


   Skills:
 + Level 8.1 Fighting
 + Level 7.0 Maces & Flails
 + Level 8.1 Armour
 + Level 8.2 Shields


You had 8 spell levels left.
You didn't know any spells.
Your spell library contained the following spells:

 Spells                   Type           Power      Damage    Failure   Level
 Freeze                   Ice            0%         1d3       34%         1
 Lesser Beckoning         Tloc           0%         N/A       45%         2
 Frozen Ramparts          Ice            0%         1d1       71%         3
 Gell's Gravitas          Tloc           0%         N/A       71%         3
 Hailstorm                Conj/Ice       0%         3d3       71%         3
 Ignite Poison            Fire/Tmut/Pois 0%         N/A       71%         3
 Teleport Other           Tloc           0%         N/A       71%         3
 Passage of Golubria      Tloc           0%         N/A       98%         4
 Fireball                 Conj/Fire      0%         3d3       100%        5
 Freezing Cloud           Conj/Ice/Air   0%         6-21      100%        5
 Iskenderun's Battlesphe  Conj           0%         2d6       100%        5
 Yara's Violent Unravell  Hex/Tmut       0%         3d3       100%        5
 Conjure Ball Lightning   Conj/Air       0%         3x3d6     100%        6
 Orb of Destruction       Conj           0%         9d5       100%        7
 Cigotuvi's Dreadful Rot  Necr/Pois/Air  Unusable   N/A       N/A         2
 Tukima's Dance           Hex            Unusable   N/A       N/A         3

Dungeon Overview and Level Annotations

Branches:
Dungeon (7/15)             Temple (1/1) D:5

Altars:
Ashenzari
Cheibriados
Dithmenos
Elyvilon
Fedhas
Gozag
Hepliaklqana
Kikubaaqudgha
Nemelex Xobeh
Okawaru
Qazlal
Ru
Trog
Uskayaw
Vehumet
Wu Jian
Zin
The Shining One

Shops:
D:4 =   D:5 :=[?

Annotations:
D:7 1 transporter, 1 runed translucent door, Crazy Yiuf, Jeremiah


Innate Abilities, Weirdness & Mutations

You are immune to sickness and miasma.
Your stone body is resilient. (AC +6)
You are immune to poison.
You resist negative energy. (rN+)
You are resistant to electric shocks. (rElec)
You are resistant to unholy torment.
You are immune to petrification.


Message History

Jeremiah lets out a twisted cry.
Something smites you!
The butterfly disappears in a burst of colours!
You start resting.
The butterfly disappears in a burst of colours!
You start resting.
Jeremiah is nearby!
Unknown command.
Jeremiah hops!
You start resting.
The butterfly disappears in a burst of colours!
Jeremiah barely misses you.
You hit Jeremiah.
Jeremiah is moderately wounded.
The butterfly disappears in a burst of colours!
Jeremiah completely misses you.
You closely miss Jeremiah.
Jeremiah is moderately wounded.
Jeremiah hits you with a +4 glaive of draining!
You barely miss Jeremiah.
Jeremiah is moderately wounded.
Jeremiah hits you with a +4 glaive of draining!
* * * LOW HITPOINT WARNING * * *
You hit Jeremiah.
Jeremiah is moderately wounded.
Jeremiah hops! x2
You sock the butterfly!
You kill the butterfly!
The butterfly disappears in a burst of colours! x2
You completely miss the butterfly.
The butterfly disappears in a burst of colours!
Jeremiah hits you from afar with a +4 glaive of draining.
* * * LOW HITPOINT WARNING * * *
You miss the butterfly.
The butterfly disappears in a burst of colours!
Jeremiah hops!
Unknown command.
Jeremiah throws their arms up pleadingly.
Something smites you!
You die...

....##........
..............>..
................#
..############b.# ..#
#####..# ..# #..b...#
..# #..b.b.# ..#
###b.b.bb######## ..#
#.Fb..bb.@....... ..#
#.#####..#########
########.###
#...........
#..........#
#b##########
#..........###.........
#..........##bb.....###
#####
)..........##.......#
#)..#
...........##.......#
#...#
...........###.######
...


You could see Jeremiah.

Vanquished Creatures
  Pikel (D:6)
  Eustachio (D:6)
  4 vampire mosquitoes (D:7)
  2 black bears
  3 ice beasts
  2 ogres (D:5)
  A centaur (D:7)
  A phantom (D:4)
  A bullfrog (D:7)
  5 scorpions
  4 wights (D:7)
  3 killer bees (D:4)
  2 howler monkeys
  An orc priest (D:6)
  3 hounds (D:6)
  2 sleepcaps (D:5)
  5 orc wizards
  4 gnolls (D:6)
  5 adders
  2 shadow imps
  6 worms
  3 dart slugs
  12 orcs
  3 ball pythons (D:2)
  6 bats
  7 endoplasms
  5 giant cockroaches
  10 hobgoblins
  7 jackals (D:2)
  A quokka (D:2)
  2 frilled lizards (D:2)
  11 goblins
  4 kobolds
  6 rats
135 creatures vanquished.

Vanquished Creatures (others)
  An orc wizard (D:4)
1 creature vanquished.

Grand Total: 136 creatures vanquished

Notes
Turn   | Place    | Note
-------+----------+-------------------------------------------
     0 | D:1      | Dittersdorf the Gargoyle Fighter began the quest for the
                  | Orb.
     0 | D:1      | Reached XP level 1. HP: 14/14 MP: 1/1
   267 | D:1      | Reached XP level 2. HP: 19/19 MP: 2/2
   601 | D:1      | Found a faded altar of an unknown god.
  1061 | D:2      | Reached XP level 3. HP: 22/23 MP: 3/3
  1575 | D:2      | Reached XP level 4. HP: 29/29 MP: 4/4
  2128 | D:3      | Found a broken altar of Ashenzari.
  2189 | D:3      | Found an ornate altar of the Wu Jian Council.
  2305 | D:3      | Reached XP level 5. HP: 32/33 MP: 5/5
  2807 | D:4      | Found Jola's Jewellery Shop.
  2844 | D:4      | Noticed a phantom
  2862 | D:4      | Killed a phantom
  2892 | D:4      | Reached XP level 6. HP: 39/39 MP: 6/6
  3123 | D:4      | Noticed a black bear
  3133 | D:4      | Killed a black bear
  3134 | D:4      | Reached skill level 5 in Fighting
  3134 | D:4      | Reached skill level 5 in Armour
  3134 | D:4      | Reached skill level 5 in Shields
  3278 | D:4      | Reached XP level 7. HP: 44/44 MP: 7/7
  3634 | D:5      | Entered Level 5 of the Dungeon
  3634 | D:5      | Found Doudwiorgh's Antique Armour Emporium.
  3663 | D:5      | Found Poyhah's Magic Scroll Boutique.
  3767 | D:5      | Found a bloodstained altar of Trog.
  3924 | D:5      | Found Xugilliy's Book Boutique.
  4118 | D:5      | Found a staircase to the Ecumenical Temple.
  4135 | Temple   | Entered the Ecumenical Temple
  4154 | Temple   | Became a worshipper of Warmaster Okawaru
  4270 | D:5      | Found Ahas's Jewellery Shop.
  4342 | D:4      | Reached XP level 8. HP: 28/51 MP: 8/8
  4844 | D:5      | Found a bloodstained altar of Trog.
  4942 | D:5      | Found a staircase to the Ecumenical Temple.
  5025 | D:5      | Found Xugilliy's Book Boutique.
  5148 | D:5      | Found Ahas's Jewellery Shop.
  5253 | D:5      | Found Doudwiorgh's Antique Armour Emporium.
  5267 | D:5      | Found Poyhah's Magic Scroll Boutique.
  5598 | D:6      | Reached skill level 5 in Maces & Flails
  5794 | D:6      | Noticed Pikel
  5814 | D:6      | Killed Pikel
  5814 | D:6      | Reached * piety under Okawaru
  5815 | D:6      | Reached XP level 9. HP: 55/56 MP: 9/9
  5994 | D:6      | Noticed Eustachio
  6012 | D:6      | Killed Eustachio
  6040 | D:6      | Found a sparkling altar of Nemelex Xobeh.
  6167 | D:6      | Reached ** piety under Okawaru
  6746 | D:7      | Found a transporter.
  6798 | D:7      | Found the +4 robe of Augmentation {Str+4 Int+4 Dex+4}
  6842 | D:7      | Found a runed translucent door.
  6843 | D:7      | Noticed Crazy Yiuf
  6874 | D:7      | Noticed Jeremiah
  6940 | D:7      | Killed from afar by Jeremiah

Illustrated notes

Levels and vault maps discovered:
D:1:      ldierk_walled_garden, layout_loops_ring,
          shapermc_ecumenical_altar_flowoftime
D:2:      minmay_angry_zag, layout_loops_ring, kennysheep_doodads,
          minmay_divided_ellipse
D:3:      layout_basic, ashenzari_altar_1, nicolae_wu_jian_immortal_techniques,
          glass_columns_a
D:4:      layout_loops_ring, serial_shops, nicolae_shop_pleasant_corner_grove,
          minmay_a_box_with_orc_wizards_in_it
D:5:      layout_gridville, mainiacjoe_overflow_surrounded_room, temple_statues,
          serial_shops, shop, nicolae_shop_behind_doors, shop_coins,
          nicolae_shop_stone
D:6:      layout_gridville, nemelex_diamond_rough_becter,
          chequers_serial_rivers_room_a, uniq_eustachio, uniq_pikel
D:7:      gammafunk_steamed_eel, layout_basic, hangedman_decor_opposing,
          minmay_nine_imps, uniq_crazy_yiuf_cottage, uniq_menkaure,
          uniq_jeremiah
Temple:   eino_temple_water

Skill      XL: |  1  2  3  4  5  6  7  8  9 |
---------------+----------------------------+-----
Shields        | 4 5 7 8 |  8.2
Fighting       | 4 5 6 8 |  8.1
Armour         | 4 5 6 8 |  8.1
Maces & Flails | 3 4 5 7 |  7.0

Action                     |  1- 3 |  4- 6 |  7- 9 || total
---------------------------+-------+-------+-------++-------
  Melee: Flail             |   152 |   160 |   282 ||   594
  Throw: Dart              |       |       |    12 ||    12
    Use: Scroll            |       |    13 |     4 ||    17
 Armour: Scale mail        |    71 |    98 |    51 ||   220
         Chain mail        |       |       |   138 ||   138
         Robe              |       |       |     2 ||     2
  Dodge: Dodged            |    67 |    76 |   150 ||   293
  Block: Buckler           |    21 |    27 |    90 ||   138

Table legend: (Time is in decaauts)
 A = Elapsed time spent in this place.
 B = Non-inter-level travel time spent in this place.
 C = Inter-level travel time spent in this place.
 D = Time resting spent in this place.
 E = Time spent auto-exploring this place.
 F = Levels seen in this place.
 G = Mean time per level.
                   A        B        C        D        E       F      G
               +--------+--------+--------+--------+--------+-----+--------+
         Total |   7077 |   6656 |    421 |    683 |   4549 |   8 |  884.6 |
       Dungeon |   7038 |   6653 |    385 |    683 |   4549 |   7 | 1005.4 |
        Temple |     38 |      2 |     36 |      0 |      0 |   1 |   38.0 |
               +--------+--------+--------+--------+--------+-----+--------+

Top non-repeatable levels by time:
     D:5: 1606 daAuts
     D:6: 1075 daAuts
     D:4: 1075 daAuts
     D:2: 1057 daAuts
     D:1: 944 daAuts
     D:3: 822 daAuts
     D:7: 457 daAuts
  Temple: 38 daAuts
